Map: Acid Plant LE

Players

Hurricane

  • Race: Protoss Protoss
  • Spawn Location: 11:00

Rogue - Winner!

  • Race: Zerg Zerg
  • Spawn Location: 5:00

Event: IEM Season 12 - Katowice

VOD

Have the link to the VOD?

Description

Time

  • Played on: March 3, 2018, 8:40 a.m.
  • Length: 11:22

All games in this series

Show
View Real Time Build Order
Export as new Build Order

Hurricane Protoss 

Build Orders: 1 Gate Expand, Oracle Opening, Phoenix Opening, Zealot Archon 

Get SALT Encoding   

  12  0:00  Probe  
  13  0:12  Probe  
  14  0:23  Pylon  
  14  0:24  Probe  
  15  0:41  Probe (Chrono Boost)  
  16  0:43  Gateway  
  16  0:49  Assimilator  
  17  0:51  Probe (Chrono Boost)  
  17  0:56  Probe (Chrono Boost)  
  18  1:07  Probe  
  19  1:20  Probe  
  20  1:25  Nexus  
  20  1:34  Cybernetics Core  
  20  1:38  Probe  
  21  1:43  Assimilator  
  21  1:50  Probe  
  21  1:53  Pylon  
  22  2:02  Probe  
  23  2:10  Adept (Chrono Boost)  
  23  2:14  Probe  
  26  2:20  Stargate  
  26  2:26  Probe (Chrono Boost)  
  26  2:28  Adept (Chrono Boost)  
  27  2:32  Warp Gate  
  29  2:37  Probe (Chrono Boost)  
  31  2:44  Probe (Chrono Boost)  
  31  2:47  Probe (Chrono Boost), Adept (Chrono Boost)  
  35  2:51  Probe (Chrono Boost)  
  35  2:52  Probe (Chrono Boost)  
  36  3:02  Probe  
  36  3:03  Probe  
  38  3:06  Oracle (Chrono Boost)  
  41  3:14  Probe  
  41  3:16  Probe  
  43  3:22  Adept  
  43  3:25  Pylon  
  43  3:27  Probe  
  44  3:29  Probe  
  44  3:30  Gateway  
  45  3:39  Probe  
  46  3:43  Probe, Phoenix (Chrono Boost)  
  46  3:48  Gateway  
  49  3:51  Probe  
  49  3:52  Pylon  
  50  3:57  Probe  
  50  4:01  Pylon  
  51  4:03  Oracle (Chrono Boost)  
  51  4:06  Probe  
  51  4:09  Assimilator  
  53  4:13  Assimilator  
  53  4:18  Probe x2  
  55  4:30  Probe  
  54  4:31  Robotics Facility  
  54  4:33  Probe  
  53  4:41  Zealot x2  
  53  4:42  Probe  
  58  4:48  Zealot  
  58  4:49  Probe  
  58  4:50  Pylon  
  58  4:52  Twilight Council  
  61  4:55  Forge  
  61  4:56  Probe  
  62  5:01  Probe, Pylon  
  63  5:18  Nexus  
  63  5:19  Warp Prism  
  63  5:20  Pylon  
  65  5:24  Adept  
  65  5:26  Charge  
  64  5:29  Zealot  
  64  5:32  Probe  
  65  5:42  Probe  
  65  5:46  Templar Archives  
  65  5:47  Protoss Ground Weapons Level 1 (Chrono Boost)  
  65  5:54  Probe  
  65  5:55  Probe  
  67  6:03  Sentry  
  69  6:07  Probe  
  69  6:08  Probe  
  71  6:12  Gateway  
  71  6:14  Gateway  
  71  6:15  Gateway  
  70  6:19  Pylon  
  70  6:24  Adept, Zealot  
  70  6:25  Probe  
  72  6:37  Probe (Chrono Boost)  
  72  6:38  Probe (Chrono Boost)  
  74  6:42  Probe (Chrono Boost), High Templar  
  77  6:48  High Templar  
  77  6:50  Probe x2 (Chrono Boost)  
  77  6:53  Archon  
  82  6:54  Probe (Chrono Boost)  
  82  6:55  Immortal  
  82  6:58  Probe (Chrono Boost)  
  82  6:59  Probe (Chrono Boost)  
  88  7:01  Probe (Chrono Boost)  
  88  7:04  Probe x2  
  88  7:06  Assimilator  
  91  7:11  Probe  
  91  7:12  Assimilator  
  91  7:14  Zealot, Stalker x2  
  91  7:15  Stalker  
  96  7:31  Probe x3  
  96  7:35  Zealot  
  95  7:43  Probe  
  95  7:47  High Templar x2  
  99  7:53  Archon  
  99  7:54  Zealot x2  
  99  7:55  Zealot  
  99  7:58  Probe x2  
  107  8:03  Probe  
  108  8:15  Pylon  
  108  8:17  Pylon  
  108  8:21  Gateway  
  108  8:23  Gateway  
  108  8:24  Psionic Storm  
  91  8:37  Protoss Ground Weapons Level 2  
  75  8:43  Zealot x4  
  75  8:44  Zealot x2  
  75  8:47  Probe x2  
  82  8:49  Probe  
  83  8:59  Probe x2  
  85  9:05  Zealot  
  85  9:07  Probe  
  85  9:09  High Templar x5  
  96  9:11  Probe  
  96  9:14  Photon Cannon  
  97  9:19  Probe x2  
  99  9:24  Sentry  
  99  9:25  High Templar  
  99  9:26  Immortal  
  103  9:33  Pylon  
  103  9:35  Nexus  
  107  9:42  Probe x3  
  110  9:48  High Templar x2  
  114  9:54  Photon Cannon  
  114  9:55  Photon Cannon  
  112  10:06  Immortal (Chrono Boost)  
  116  10:08  Zealot x2  
  116  10:09  Zealot x2  
  120  10:19  Probe x3  
  119  10:22  Photon Cannon  
  119  10:24  Shield Battery, High Templar x3  
  119  10:25  High Templar  
  119  10:26  Pylon  
  127  10:28  Archon  
  127  10:29  Archon  
  127  10:32  Shield Battery  
  127  10:33  Probe, Pylon  
  127  10:35  Probe  
  129  10:36  Assimilator  
  129  10:40  Zealot x2, Assimilator  
  115  10:59  Probe x2, High Templar x2  
Show
View Real Time Build Order
Export as new Build Order

Rogue Zerg - Winner!

Build Orders: Hatch First 

Get SALT Encoding   

  12  0:00  Drone  
  13  0:12  Overlord  
  13  0:16  Drone  
  14  0:30  Drone x2  
  16  0:47  Hatchery  
  15  0:50  Drone  
  15  0:54  Drone  
  17  0:57  Drone  
  18  1:07  Extractor  
  17  1:13  Spawning Pool  
  17  1:16  Drone  
  17  1:20  Drone  
  18  1:28  Drone  
  19  1:38  Overlord  
  19  1:50  Drone  
  20  1:59  Queen x2  
  20  2:00  Zergling x4  
  26  2:08  Metabolic Boost  
  26  2:11  Drone  
  26  2:13  Drone  
  28  2:22  Drone x2  
  30  2:32  Drone  
  30  2:33  Drone  
  32  2:45  Drone  
  32  2:46  Drone, Hatchery  
  33  2:53  Overlord  
  33  2:56  Zergling x2  
  34  3:09  Zergling x4  
  34  3:11  Drone x6  
  41  3:19  Spore Crawler, Drone  
  41  3:25  Drone  
  42  3:28  Spore Crawler  
  42  3:29  Spore Crawler  
  42  3:32  Overlord  
  40  3:35  Zergling x2  
  40  3:36  Pneumatized Carapace  
  41  3:41  Queen  
  41  3:44  Overlord  
  43  3:50  Overlord  
  43  3:53  Evolution Chamber  
  42  3:58  Drone x5  
  46  4:03  Zergling x2  
  46  4:06  Zergling x2  
  46  4:07  Queen  
  50  4:11  Zergling x4  
  49  4:17  Drone x3  
  49  4:21  Drone x2  
  54  4:25  Drone x2  
  53  4:31  Drone  
  53  4:36  Drone x2  
  56  4:39  Spore Crawler  
  56  4:40  Drone  
  56  4:45  Zerg Melee Weapons Level 1  
  56  4:47  Drone x2  
  56  4:50  Drone  
  56  4:51  Drone  
  60  4:53  Drone  
  60  4:58  Spore Crawler, Drone  
  61  5:00  Queen  
  61  5:03  Overlord  
  63  5:10  Drone x3  
  63  5:11  Drone  
  65  5:15  Overlord  
  65  5:20  Overlord  
  65  5:22  Drone x3  
  65  5:23  Drone x2  
  65  5:28  Lair  
  70  5:30  Drone x2  
  70  5:31  Drone  
  71  5:36  Zergling x4  
  71  5:37  Zergling x8  
  71  5:39  Drone x2  
  71  5:42  Extractor x2  
  77  5:43  Extractor  
  77  5:44  Baneling Nest  
  77  5:46  Drone x2  
  76  5:52  Drone x2  
  76  5:56  Overlord  
  78  6:05  Drone x3  
  78  6:06  Drone x2, Hatchery  
  78  6:07  Extractor  
  78  6:08  Extractor  
  78  6:10  Overlord  
  80  6:13  Drone x7  
  80  6:16  Overlord  
  87  6:22  Zergling x2  
  87  6:25  Zergling x4  
  90  6:30  Zergling x6, Hydralisk Den  
  89  6:33  Queen  
  89  6:35  Zergling x4  
  89  6:36  Spine Crawler  
  89  6:37  Queen  
  89  6:39  Zergling x2  
  93  6:43  Baneling x4  
  93  6:45  Baneling x2, Zergling x4  
  93  6:47  Baneling x4  
  95  6:52  Zergling x2  
  95  6:53  Spine Crawler  
  95  7:00  Baneling  
  95  7:01  Baneling x5, Zergling x10  
  96  7:05  Overlord  
  96  7:08  Drone  
  101  7:09  Drone x4  
  101  7:10  Drone  
  101  7:13  Overlord  
  106  7:18  Overlord  
  105  7:25  Drone  
  105  7:26  Drone x2  
  105  7:29  Grooved Spines  
  108  7:30  Drone x2  
  108  7:32  Centrifical Hooks  
  108  7:33  Hydralisk  
  108  7:34  Hydralisk x3  
  108  7:36  Spore Crawler  
  116  7:39  Hydralisk x2  
  115  7:47  Hatchery  
  114  7:52  Drone x5, Overseer  
  114  7:55  Drone x4  
  114  7:57  Baneling x4  
  123  7:59  Hydralisk  
  123  8:00  Hydralisk x2  
  128  8:07  Zergling x4  
  128  8:08  Baneling x5  
  128  8:09  Zergling x2  
  128  8:10  Zergling x2  
  132  8:22  Hydralisk x5  
  132  8:23  Overlord  
  138  8:27  Zergling x12  
  138  8:29  Zerg Melee Weapons Level 2  
  138  8:31  Zergling x2  
  136  8:35  Zergling x4  
  136  8:37  Zergling x4  
  136  8:39  Hydralisk  
  135  8:42  Hydralisk x2  
  135  8:44  Hydralisk x2  
  135  8:45  Zergling x2  
  135  8:46  Baneling x4  
  144  8:49  Zergling x6  
  144  8:53  Baneling x8  
  147  8:56  Hydralisk x2  
  147  8:57  Overlord x2  
  147  8:59  Zergling x2  
  147  9:01  Overlord  
  147  9:02  Zergling x2  
  153  9:03  Zergling x4  
  153  9:07  Overlord  
  153  9:08  Zergling x6  
  156  9:10  Drone x2  
  158  9:23  Muscular Augments  
  158  9:24  Hydralisk x7  
  172  9:34  Overseer, Zergling x16  
  180  9:44  Overlord  
  180  9:46  Hatchery  
  180  9:50  Zergling x16  
  180  9:51  Zergling x6  
  190  9:52  Overlord  
  190  9:58  Baneling x14  
  190  9:59  Baneling x11  
  184  10:14  Zergling x24  
  184  10:15  Zergling x4  
  195  10:22  Zergling x2  
  195  10:23  Zergling x2  
  195  10:28  Baneling x12  
  197  10:34  Zergling x6  
  197  10:35  Overlord  
  197  10:50  Baneling  
  197  10:51  Baneling x21  
  190  10:58  Zergling x2  
  190  10:59  Zergling x22  
  190  11:03  Zergling x2  

Tags
 
Add a new tag
Caveats
  • Supply blocks, unpowered buildings, or Contaminate may cause inaccurate times.
  • Supply counts are checked every 10 seconds.